 Dungeon Crawl Stone Soup version 0.29.0-11-gd7f09526c8 (webtiles) character file.

Game seed: 5629148631338609529

173 Arum the Grave Robber (level 5, -1/35 HPs)
             Began as a Demonspawn Necromancer on Sept 5, 2022.
             Was a Follower of Sif Muna.
             Slain by an ufetubus (4 damage)
             ... on level 4 of the Dungeon.
             The game lasted 00:04:40 (4071 turns).

Arum the Grave Robber (Demonspawn Necromancer)      Turns: 4071, Time: 00:04:41

Health: -1/35      AC:  5    Str:  9    XL:     5   Next: 28%
Magic:  7/10       EV: 12    Int: 18    God:    Sif Muna [*.....]
Gold:   169        SH:  0    Dex: 13    Spells: 10/11 levels left

rFire   . . .      SeeInvis .   o - +0 dagger
rCold   . . .      Faith    .   (no shield)
rNeg    . . .      Spirit   .   a - +0 robe
rPois   .          Reflect  .   (no helmet)
rElec   .          Harm     .   n - scarf {repulsion}
rCorr   .          Rampage  .   (no gloves)
Will    .....                   (no boots)
Stlth   ++........              (no amulet)
HPRegen 0.11/turn               (no ring)
MPRegen 0.12/turn               (no ring)

@: repel missiles
A: icy blue scales 2, demonic magic 1, weakness stinger 1
a: Renounce Religion, Channel Magic


You were on level 4 of the Dungeon.
You worshipped Sif Muna.
Sif Muna was aware of your devotion.
You visited 1 branch of the dungeon, and saw 4 of its levels.

You collected 169 gold pieces.

Inventory:

Hand Weapons
 o - a +0 dagger (weapon)
Armour
 a - a +0 robe (worn)
 n - a scarf of repulsion (worn)
Jewellery
 l - an amulet of regeneration
Scrolls
 d - a scroll of enchant weapon {unknown}
 e - 2 scrolls of poison {unknown}
 f - 3 scrolls of identify {unknown}
 k - a scroll of brand weapon {unknown}
Potions
 b - 4 potions of magic
 c - a potion of degeneration {unknown}
 g - 2 potions of mutation {unknown}
 h - 4 potions of curing {unknown}
 i - a potion of berserk rage {unknown}
 j - a potion of attraction {unknown}
 m - a potion of haste {unknown}


   Skills:
 - Level 1.7 Dodging
 - Level 1.7 Stealth
 + Level 3.9 Spellcasting
 + Level 6.0 Necromancy


You had 10 spell levels left.
You knew the following spells:

 Your Spells              Type           Power      Damage    Failure   Level
a - Necrotise             Necr           100%       1d9       1%          1

Your spell library contained the following spells:

 Spells                   Type           Power      Damage    Failure   Level
 Vampiric Draining        Necr           25%        2d7       3%          3
 Animate Dead             Necr           25%        N/A       13%         4
 Foxfire                  Conj/Fire      12%        2x1d4     16%         1
 Agony                    Necr           25%        N/A       34%         5
 Conjure Flame            Conj/Fire      3%         6-21      41%         3
 Inner Flame              Hex/Fire       3%         N/A       41%         3
 Flame Wave               Conj/Fire      3%         2d5       83%         4


Dungeon Overview and Level Annotations

Branches:
Dungeon (4/15)
 Temple: D:4-7

Altars:
Hepliaklqana
Okawaru
Qazlal
Sif Muna
Uskayaw
Yredelemnul


Innate Abilities, Weirdness & Mutations

You are mostly covered in icy blue scales. (AC +3)
Spells you cast may paralyse adjacent enemies.
You have a small tail.


Message History

Casting: Necrotise (safe; 1% risk of failure)
Confirm with . or Enter, or press ? or * to list all spells.
You can't see any susceptible monsters within range! (Use Z to cast anyway.)
Casting: Necrotise (safe; 1% risk of failure)
Confirm with . or Enter, or press ? or * to list all spells.
Aiming: Necrotise (safe; 1% risk of failure)
Press: ? - help, Shift-Dir - straight line, f - ball python
Aim: a ball python (chance to affect: 93%)
The ufetubus is unaffected.
Malevolent energies surge around you.
The ufetubus suddenly stops moving!
Unknown command.
The helpless ufetubus fails to defend itself.
You hit the ufetubus.
The ufetubus is heavily wounded.
The helpless ufetubus fails to defend itself.
You hit the ufetubus.
The ufetubus is almost dead.
The ufetubus is no longer paralysed.
The ufetubus barely misses you.
The ufetubus hits you but does no damage.
The ufetubus completely misses you. The ufetubus barely misses you.
Casting: Necrotise (safe; 1% risk of failure)
Confirm with . or Enter, or press ? or * to list all spells.
Aiming: Necrotise (safe; 1% risk of failure)
Press: ? - help, Shift-Dir - straight line, p - ball python The ufetubus is unaffected.
Malevolent energies surge around you. The ufetubus barely misses you.
The ufetubus hits you.
* * * LOW HITPOINT WARNING * * *
Unknown command.
Casting: Necrotise (safe; 1% risk of failure)
Confirm with . or Enter, or press ? or * to list all spells.
You don't know that spell.
Casting: Necrotise (safe; 1% risk of failure)
Confirm with . or Enter, or press ? or * to list all spells.
Aiming: Necrotise (safe; 1% risk of failure)
Press: ? - help, Shift-Dir - straight line, f - ufetubus
Aim: an ufetubus (almost dead, not susceptible)
The ufetubus is unaffected.
Malevolent energies surge around you. The ufetubus barely misses you.
The ufetubus closely misses you. The ufetubus hits you.
You die...

..............# ..............#
...[........... ...............
.................#
.....$...........#
..........#......#
#...@.##......# ...
#.###5##......# ... .. ..
#S##......#... .. ..
######.##......#.# . #.
#......##........# #.
#..##..........## ######.
#..####.#......######.
#......###..###................
#......#<#.............##..##+#


You could see an ufetubus and a ball python.

Vanquished Creatures
  A necrophage (D:4)
  An iguana (D:4)
  A gnoll (D:4)
  2 adders (D:3)
  A worm (D:2)
  2 dart slugs (D:1)
  An orc (D:3)
  6 endoplasms
  4 giant cockroaches
  2 goblins
  A hobgoblin (D:1)
  7 kobolds
  A quokka (D:1)
  5 ball pythons
  7 bats
  2 frilled lizards (D:1)
  5 rats
49 creatures vanquished.

Vanquished Creatures (collateral kills)
  An endoplasm (D:3)
  A goblin (D:4)
2 creatures vanquished.

Vanquished Creatures (others)
  A ball python (D:3)
1 creature vanquished.

Grand Total: 52 creatures vanquished

Notes
Turn   | Place    | Note
-------+----------+-------------------------------------------
     0 | D:1      | Arum the Demonspawn Necromancer began the quest for the
                  | Orb.
     0 | D:1      | Reached XP level 1. HP: 13/13 MP: 3/3
   911 | D:1      | Gained mutation: You have a small tail. [demonic ancestry]
   911 | D:1      | Reached XP level 2. HP: 19/19 MP: 0/5
  1139 | D:1      | Found a faded altar of an unknown god.
  1906 | D:2      | Reached skill level 5 in Necromancy
  1906 | D:2      | Gained mutation: You are partially covered in icy blue
                  | scales. (AC +2) [demonic ancestry]
  1906 | D:2      | Reached XP level 3. HP: 24/24 MP: 5/7
  2100 | D:2      | Found a shimmering blue altar of Sif Muna.
  2106 | D:2      | Became a worshipper of Sif Muna the Loreminder
  2916 | D:3      | Found an iron altar of Okawaru.
  3599 | D:3      | Found a hazy altar of Hepliaklqana.
  3602 | D:3      | Found a hide-covered altar of Uskayaw.
  3614 | D:3      | Found a shimmering blue altar of Sif Muna.
  3616 | D:3      | Found a basalt altar of Yredelemnul.
  3616 | D:3      | Found a stormy altar of Qazlal.
  3761 | D:4      | Gained mutation: You are mostly covered in icy blue scales.
                  | (AC +3) [demonic ancestry]
  3761 | D:4      | Reached XP level 4. HP: 30/30 MP: 3/8
  3970 | D:4      | Reached * piety under Sif Muna
  4012 | D:4      | Noticed a necrophage
  4066 | D:4      | Killed a necrophage
  4067 | D:4      | Reached skill level 6 in Necromancy
  4067 | D:4      | Gained mutation: Spells you cast may paralyse adjacent
                  | enemies. [demonic ancestry]
  4067 | D:4      | Reached XP level 5. HP: 4/35 MP: 10/10
  4071 | D:4      | Slain by an ufetubus

Illustrated notes

Levels and vault maps discovered:
D:1:      eino_arrival_tree_alley, layout_basic, ebering_ecumenical_altar_mist,
          kennysheep_doodads
D:2:      layout_loops_corners, basic_altar, corexii_hall_statues_s
D:3:      layout_basic, mainiacjoe_overflow_paths, minitemple,
          lemuel_flame_loot_1
D:4:      layout_basic, portal_sewer_entry_b, minmay_box_of_dots, uniq_eustachio

Skill      XL: |  1  2  3  4 |
---------------+-------------+-----
Necromancy     | 5 6 |  6.0
Spellcasting   | 3 |  3.9
Dodging        | |  1.7
Stealth        | |  1.7

Action                   |  1- 3 |  4- 6 || total
-------------------------+-------+-------++-------
Melee: Unarmed           |    23 |       ||    23
       Dagger            |       |    37 ||    37
       Tailslap          |       |     3 ||     3
       Punch             |       |     1 ||     1
 Cast: Necrotise         |    81 |    19 ||   100
 Stab: Paralysed         |       |     2 ||     2
Armor: Robe              |     9 |     9 ||    18
Dodge: Dodged            |    20 |    32 ||    52
